AoeStats
← DEEPSKY

Arena

510840654Analyzed
3v3 RM · 10h ago on Oct 2, 2026· 46m 25s· 6 players
Game mode
Random Map
Map size
Normal (6 player)
Population
200
Speed
Normal
Resources
Standard
Victory
Conquest
Starting age
Dark Age
Ending age
Imperial Age
RankedLock teamsTeams togetherTeam positionsShared explorationLock speedFull tech treeHidden civsTurbo modeCheats
Victory
Defeat
🇨🇱 Lithuanians · Chile
1219
+15
🇨🇱 Malians · Chile
1181
+17
🇨🇱 Italians · Chile
1157
+19
🇵🇪 Bohemians · Peru
1235
-18
🇩🇪 Celts · Germany
1221
-18
🇨🇳 Khmer · China
1154
-15
Janseth
10:08 Feudal Age
10:42 Feudal Age
12:18 Town Watch
15:03 Castle Age
13:44 Loom
14:25 Horse Collar
14:33 Double-Bit Axe
16:49 Scale Barding Armor
17:13 Bow Saw
22:38 Light Cavalry
23:29 Bloodlines
24:59 Gold Mining
24:59 Stone Mining
26:52 Wheelbarrow
27:15 Bloodlines
30:37 Imperial Age
28:43 Hand Cart
28:31 Heavy Plow
29:39 Ballistics
29:29 Masonry
30:13 Scale Mail Armor
30:23 Forging
30:20 Squires
30:06 Arson
30:43 Chain Barding Armor
30:23 Treadmill Crane
31:18 Town Patrol
32:07 Stone Shaft Mining
30:55 Man-at-Arms
30:56 Pikeman
32:03 Chain Mail Armor
32:23 Iron Casting
32:21 Architecture
32:51 Chemistry
33:29 Chemistry
32:43 Fervor
34:35 Plate Mail Armor
37:04 Blast Furnace
38:20 Man-at-Arms
42:02 Conscription
42:04 Chain Barding Armor
42:09 Pikeman
43:33 Pirotechnia
43:17 Fletching
43:27 Padded Archer Armor
43:49 Bombard Tower
44:00 Elite Genoese Crossbowman
44:46 Arrowslits
45:37 Bodkin Arrow
47:20 Silk Road
JC_Guzmán
10:12 Feudal Age
14:20 Castle Age
14:19 Double-Bit Axe
15:44 Horse Collar
17:35 Fervor
19:16 Loom
20:33 Bow Saw
22:52 Wheelbarrow
22:02 Town Watch
23:56 Stone Mining
23:56 Gold Mining
27:49 Imperial Age
25:36 Scale Barding Armor
25:41 Forging
25:48 Heavy Plow
26:15 Forging
26:43 Chain Barding Armor
27:15 Stone Shaft Mining
26:53 Loom
27:36 Bloodlines
27:26 Husbandry
28:03 Iron Casting
29:42 Two-Man Saw
29:18 Crop Rotation
28:36 Elite Leitis
29:50 Conscription
30:16 Hand Cart
30:11 Scale Mail Armor
31:37 Plate Barding Armor
31:47 Treadmill Crane
37:09 Fletching
37:19 Padded Archer Armor
38:22 Chemistry
37:42 Ballistics
37:53 Bodkin Arrow
38:41 Hoardings
39:40 Bracer
39:54 Masonry
39:55 Careening
39:55 Fortified Wall
39:43 Murder Holes
41:07 Tower Shields
40:29 Elite Skirmisher
41:15 Thumb Ring
Arkh
10:00 Feudal Age
9:36 Loom
10:26 Double-Bit Axe
10:22 Man-at-Arms
15:53 Scale Mail Armor
16:24 Arson
20:17 Forging
23:59 Castle Age
22:07 Gold Mining
22:47 Forging
25:17 Bow Saw
26:02 Wheelbarrow
25:21 Horse Collar
26:37 Gold Shaft Mining
25:54 Stone Mining
31:49 Wheelbarrow
35:20 Imperial Age
33:05 Husbandry
33:41 Bloodlines
32:51 Light Cavalry
34:11 Wheelbarrow
36:11 Imperial Age
34:28 Gold Shaft Mining
33:35 Light Cavalry
34:51 Scale Barding Armor
35:45 Iron Casting
36:07 Chain Barding Armor
36:40 Stone Shaft Mining
36:28 Hand Cart
36:52 Farimba
36:50 Town Watch
37:10 Heavy Plow
37:30 Fletching
38:41 Plate Barding Armor
38:34 Conscription
38:19 Cavalier
39:19 Bodkin Arrow
40:20 Stone Shaft Mining
40:54 Ballistics
42:15 Chemistry
42:53 Heavy Cavalry Archer
44:12 Heavy Camel Rider
46:58 Masonry
46:59 Fortified Wall
moramarlon18
10:42 Feudal Age
11:28 Feudal Age
15:31 Castle Age
14:17 Fletching
14:24 Double-Bit Axe
15:36 Horse Collar
16:58 Crossbowman
24:37 Padded Archer Armor
26:49 Heavy Plow
28:17 Wheelbarrow
27:30 Loom
27:33 Town Watch
31:11 Imperial Age
29:33 Bodkin Arrow
29:55 Leather Archer Armor
30:51 Chemistry
30:12 Ballistics
29:50 Pikeman
30:31 Squires
31:08 Bow Saw
31:01 Scale Mail Armor
31:44 Forging
32:04 Bracer
33:30 Conscription
34:44 Chain Mail Armor
34:19 Arson
34:39 Halberdier
36:30 Plate Mail Armor
36:36 Iron Casting
37:45 Ring Archer Armor
39:00 Masonry
38:57 Siphons
40:00 Blast Furnace
38:43 Arbalester
40:38 Elite Hussite Wagon
41:31 Wagenburg Tactics
Fighthausen
10:51 Feudal Age
13:05 Fletching
18:56 Castle Age
18:48 Double-Bit Axe
20:39 Wheelbarrow
20:44 Bodkin Arrow
20:55 Loom
26:57 Scale Mail Armor
30:18 Horse Collar
35:20 Imperial Age
33:38 Hand Cart
33:09 Town Watch
33:27 Heavy Plow
33:42 Bow Saw
34:10 Chain Mail Armor
34:06 Forging
34:26 Gold Mining
35:22 Pikeman
36:10 Halberdier
37:46 Conscription
41:39 Plate Mail Armor
41:45 Iron Casting
42:12 Town Patrol
DEEPSKY
1:47 Loom
11:59 Feudal Age
14:44 Castle Age
12:36 Double-Bit Axe
12:41 Horse Collar
15:59 Bow Saw
16:29 Wheelbarrow
16:11 Heavy Plow
26:15 Forging
26:10 Scale Barding Armor
29:30 Imperial Age
27:49 Gold Mining
27:41 Elite Skirmisher
30:19 Iron Casting
30:04 Chain Barding Armor
29:35 Fletching
29:45 Padded Archer Armor
31:10 Crop Rotation
30:15 Pikeman
30:41 Arson
31:36 Iron Casting
31:22 Chain Barding Armor
31:05 Scale Mail Armor
31:00 Bodkin Arrow
31:20 Leather Archer Armor
33:28 Chemistry
32:49 Ballistics
33:14 Gold Shaft Mining
32:30 Stone Mining
33:10 Conscription
33:03 Heavy Scorpion
33:47 Double Crossbow
34:22 Halberdier
39:22 Elite Battle Elephant
40:12 Bloodlines
41:07 Blast Furnace
40:22 Chain Mail Armor
40:28 Chain Barding Armor
40:08 Bracer
40:38 Ring Archer Armor
41:04 Siege Engineers
41:17 Husbandry
44:19 Plate Barding Armor
43:55 Light Cavalry
Connection lost

Rejoining the realm…

Still unreachable

The connection could not be restored.

Session expired

The server has moved on; the page needs a fresh start.